 Dungeon Crawl Stone Soup version 0.30.1-11-g7821555f0a (webtiles) character file.

Game seed: 2063913004263457921

2884 BigPumpCobain the Grappler (level 9, -2/91 HPs)
             Began as an Ogre Transmuter on Dec 3, 2023.
             Was a Believer of Sif Muna.
             Slain by a yak (11 damage)
             ... on level 8 of the Dungeon.
             The game lasted 00:15:21 (6951 turns).

BigPumpCobain the Grappler (Ogre Transmuter)        Turns: 6951, Time: 00:15:22

Health: -2/91      AC:  7    Str: 16    XL:     9   Next: 76%
Magic:  12/12      EV:  9    Int: 18    God:    Sif Muna [**....]
Gold:   343        SH:  0    Dex:  9    Spells: 4/12 levels left

rFire   x .          .
                       - Unarmed
rCold   + + +        (shield currently unavailable)
rNeg    . . .        (body armour currently unavailable)
rPois   +            (helmet currently unavailable)
rElec   .            (cloak currently unavailable)
rCorr   .            (gloves unavailable)
SInv    .            (boots unavailable)
Will    .....        (no amulet)
Stlth   +            m - ring of wizardry
HPRegen 0.35/turn    (no ring)
MPRegen 0.13/turn

%: wizardry (x1)
@: confused, ice-form, ambrosia-drunk
A: freezing attack, amphibious, boosted hp, large, unfitting armour, (tough skin
1)
a: End Transformation, Renounce Religion, Channel Magic


You were on level 8 of the Dungeon.
You worshipped Sif Muna.
Sif Muna was pleased with you.
You were a creature of crystalline ice.
You visited 1 branch of the dungeon, and saw 8 of its levels.

You collected 343 gold pieces.

Inventory:

Hand Weapons
 f - a +2 hand axe of electrocution
 r - a +4 long sword
 D - a +1 shortbow of freezing
Armour
 a - a +0 robe
 G - +0 steam dragon scales
Jewellery
 b - an amulet of guardian spirit
 m - a ring of wizardry (left front paw)
 z - a ring of poison resistance
 F - a ring of protection from fire
Wands
 o - a wand of iceblast (11)
 x - a wand of paralysis (10)
Scrolls
 c - 2 scrolls of amnesia {unknown}
 d - 3 scrolls of enchant weapon {unknown}
 g - 2 scrolls of enchant armour {unknown}
 h - 6 scrolls of identify {unknown}
 q - 2 scrolls of poison {unknown}
 s - 2 scrolls of fog {unknown}
 u - 2 scrolls of fear {unknown}
 v - a scroll of teleportation {unknown}
 w - 3 scrolls of blinking {unknown}
 y - a scroll of noise {unknown}
 A - a scroll of immolation {unknown}
 C - a scroll of vulnerability {unknown}
Potions
 e - 2 potions of flight
 i - a potion of ambrosia
 j - 2 potions of mutation {unknown}
 k - a potion of might {unknown}
 l - a potion of magic
 n - 2 potions of heal wounds {unknown}
 p - a potion of curing {unknown}
 t - 3 potions of degeneration {unknown}
 B - a potion of brilliance {unknown}
 E - 2 potions of attraction {unknown}


   Skills:
 - Level 1.3 Fighting
 - Level 1.7 Dodging
 * Level 9.2 Unarmed Combat
 - Level 2.4 Spellcasting
 - Level 8.6 Transmutations


You had 4 spell levels left.
You knew the following spells:

 Your Spells              Type           Power      Damage    Failure   Level
a - Beastly Appendage     Tmut           66%        N/A       1%          1
b - Spider Form           Tmut/Pois      17%        N/A       3%          3
c - Ice Form              Ice/Tmut       17%        N/A       12%         4

Your spell library contained the following spells:

 Spells                   Type           Power      Damage    Failure   Level
 Passwall                 Tmut/Erth      14%        N/A       1%          2
 Wereblood                Tmut           33%        N/A       1%          2
 Apportation              Tloc           4%         N/A       7%          1
 Necrotise                Necr           8%         1d4       7%          1
 Shock                    Conj/Air       8%         1d3       7%          1
 Summon Small Mammal      Summ           8%         N/A       7%          1
 Ensorcelled Hibernation  Hex/Ice        4%         N/A       11%         2
 Swiftness                Air            2%         N/A       21%         3
 Airstrike                Air            1%         2d(1-17)  52%         4


Dungeon Overview and Level Annotations

Branches:
Dungeon (8/15)             Temple (0/1) D:7
   Lair: D:8-11

Altars:
Hepliaklqana
Kikubaaqudgha
Sif Muna

Portals:
Bailey: D:7


Innate Abilities, Weirdness & Mutations

You are a creature of crystalline ice.
You have a powerful freezing melee attack.
You are amphibious.
Your maximum health is increased.
Your armour is entirely melded.
You are incapable of wielding weapons or throwing items.
You are too large for most types of armour.
((You have tough skin. (AC +1)))


Message History

You warm up again.
Your +0 robe unmelds from your body.
You start removing your armour.
You continue taking off your +0 robe. x3
The yak gores you. The yak gores you!
You continue taking off your +0 robe.
The yak bellows!
The yak misses you. The yak barely misses you.
You finish taking off your +0 robe.
Casting: Ice Form (dangerous; 12% risk of failure)
Confirm with . or Enter, or press ? or * to list all spells.
You turn into a creature of crystalline ice.
The yak bellows!
You hear a bellow!
The yak misses you. The yak gores you!
The yak bellows!
You hit the yak but do no damage.
A yak comes into view.
The yak gores you! x2
You are too injured to fight recklessly!
You are too injured to fight recklessly!
You are too injured to fight recklessly!
The yak attacks as you move away! The yak gores you.
The yak attacks as you move away! The yak closely misses you.
The yak attacks as you move away! The yak gores you.
The yak attacks as you move away! The yak barely misses you.
The yak attacks as you move away! The yak gores you!
* * * LOW HITPOINT WARNING * * *
You are confused.
You feel invigorated. The yak barely misses you. The yak gores you!
* * * LOW HITPOINT WARNING * * *
The yak closely misses you. The yak gores you.
* * * LOW HITPOINT WARNING * * *
The yak barely misses you.
You bump into the rock wall.
The yak gores you but does no damage. The yak gores you!
* * * LOW HITPOINT WARNING * * *
You bump into the rock wall.
The yak gores you.
* * * LOW HITPOINT WARNING * * *
The yak barely misses you. The yak gores you!
You die...

#......# #......#
#......## ##..
##......# ##...
#...#..# ##....
#####..# #...[. #.Y#
...... #YY## ##......
#.YY# #..[.... ##YY###
#....... ##....#####
#.......
#.....)...###.......
##...................
##...####.............
##...## ######........
#...## #####...#
##....## ###..##


You could see 6 yaks.

Vanquished Creatures
  An ugly thing (D:7)
  Maggie (D:7)
  Prince Ribbit (D:7)
  A steam dragon (D:8)
  2 water moccasins
  A sky beast (D:4)
  A black bear (D:5)
  An ogre (D:4)
  A centaur (D:6)
  A phantom (D:4)
  Blork the orc (D:5)
  5 scorpions
  The ghost of ChrisAssaf the Charlatan, a weakling DsAr (D:3)
  A howler monkey (D:6)
  3 hounds
  3 jellies
  2 orc priests
  2 sleepcaps
  6 iguanas
  6 orc wizards
  A river rat (D:3)
  10 adders
  2 white imps
  2 worms (D:3)
  26 orcs
  6 endoplasms
  3 giant cockroaches
  4 hobgoblins
  3 jackals (D:2)
  5 quokkas
  10 ball pythons
  4 bats
  5 frilled lizards
  3 goblins
  4 kobolds
  3 rats
132 creatures vanquished.

Notes
Turn   | Place    | Note
-------+----------+-------------------------------------------
     0 | D:1      | BigPumpCobain the Ogre Transmuter began the quest for the
                  | Orb.
     0 | D:1      | Reached XP level 1. HP: 19/19 MP: 3/3
   482 | D:1      | Reached XP level 2. HP: 25/27 MP: 3/5
   773 | D:2      | Reached XP level 3. HP: 21/33 MP: 4/6
  1643 | D:3      | Learned a level 3 spell: Spider Form
  1654 | D:3      | Reached XP level 4. HP: 41/41 MP: 0/7
  1726 | D:3      | Found a shimmering blue altar of Sif Muna.
  1861 | D:3      | Became a worshipper of Sif Muna the Loreminder
  2029 | D:3      | Reached XP level 5. HP: 35/48 MP: 5/8
  2036 | D:3      | Learned a level 4 spell: Ice Form
  2249 | D:3      | Found a hazy altar of Hepliaklqana.
  2451 | D:3      | Reached skill level 5 in Transmutations
  3130 | D:3      | Reached * piety under Sif Muna
  3227 | D:3      | Found a runed translucent door.
  3227 | D:3      | Noticed ChrisAssaf's ghost (weakling DsAr)
  3284 | D:3      | Reached XP level 6. HP: 21/55 MP: 7/9
  3438 | D:3      | Killed ChrisAssaf's ghost
  3581 | D:4      | Noticed a sky beast
  3643 | D:4      | Reached XP level 7. HP: 56/62 MP: 10/10
  4299 | D:5      | Entered Level 5 of the Dungeon
  4299 | D:5      | Noticed Blork the orc
  4304 | D:5      | Killed Blork the orc
  4305 | D:5      | Reached XP level 8. HP: 70/70 MP: 6/11
  4574 | D:5      | Reached ** piety under Sif Muna
  4582 | D:5      | Reached skill level 3 in Unarmed Combat
  5040 | D:6      | Reached skill level 4 in Unarmed Combat
  5248 | D:6      | Reached skill level 5 in Unarmed Combat
  5866 | D:6      | Reached skill level 6 in Unarmed Combat
  6199 | D:7      | Noticed Maggie
  6207 | D:7      | Killed Maggie
  6208 | D:7      | Reached skill level 7 in Unarmed Combat
  6208 | D:7      | Reached XP level 9. HP: 59/76 MP: 8/12
  6335 | D:7      | Found a flagged portal.
  6337 | D:7      | Noticed Prince Ribbit
  6345 | D:7      | Killed Prince Ribbit
  6381 | D:7      | Noticed a green ugly thing
  6390 | D:7      | Killed a green ugly thing
  6391 | D:7      | Reached skill level 8 in Unarmed Combat
  6471 | D:7      | Found an ancient bone altar of Kikubaaqudgha.
  6540 | D:7      | Found a staircase to the Ecumenical Temple.
  6814 | D:8      | Reached skill level 9 in Unarmed Combat
  6951 | D:8      | Slain by a yak

Illustrated notes

Levels and vault maps discovered:
D:1:      lemuel_arrival_cross, layout_loops_cross, serial_glass,
          glass_columns_a, glass_columns_a
D:2:      layout_basic, serial_curves, eino_curves_02, eino_curves_03,
          eino_curves_03, minmay_misc_feat_tiny, hangedman_decor_points,
          kennysheep_flooded_box
D:3:      layout_basic, mainiacjoe_overflow_surrounded_room,
          mainiacjoe_overflow_brackets, hellmonk_ghost_happy_afterlife,
          gup_sewer_entry_bubbles
D:4:      layout_rooms
D:5:      layout_cave_pools, uniq_blork_the_orc
D:6:      layout_loops_ring
D:7:      layout_rooms, nicolae_kikubaaqudgha_miasma_corner,
          minmay_temple_entry_drinking_statues, enter_bailey_2,
          uniq_prince_ribbit1, uniq_maggie
D:8:      layout_cave_pods

Skill      XL: |  1  2  3  4  5  6  7  8  9 |
---------------+----------------------------+-----
Transmutations | 2 3 4 5 6 8 |  8.6
Unarmed Combat | 7 9 |  9.2
Fighting       | |  1.3
Dodging        | |  1.7
Spellcasting   | |  2.4

Action                     |  1- 3 |  4- 6 |  7- 9 || total
---------------------------+-------+-------+-------++-------
  Melee: Unarmed           |    94 |   145 |   197 ||   436
         Kick              |    18 |       |       ||    18
         Headbutt          |    12 |       |       ||    12
         Punch             |     1 |       |       ||     1
   Cast: Beastly Appendage |    21 |       |       ||    21
         Spider Form       |     1 |    19 |     1 ||    21
         Ice Form          |       |     2 |    29 ||    31
    Use: Potion            |     1 |     5 |     1 ||     7
   Stab: Sleeping          |       |     1 |       ||     1
         Invisible         |       |     1 |     1 ||     2
 Armour: Robe              |    38 |     5 |       ||    43
         Skin              |    11 |    23 |    66 ||   100
  Dodge: Dodged            |    54 |   120 |    78 ||   252
